 Dungeon Crawl Stone Soup version 0.26-a0-597-gb535b0901c (webtiles) character file.

Game seed: 6104580702848705756

1922 Eifo4Ohj9gu9Dob0ohLe the Cleaver (level 8, 0/73 HPs)
             Began as a Green Draconian Berserker on Aug 25, 2020.
             Was an Elder of Trog.
             Slain by a wight
             ... wielding a +0 trident
              (3 damage)
             ... on level 7 of the Dungeon.
             The game lasted 00:27:34 (5619 turns).

Eifo4Ohj9gu9Dob0ohLe the Cleaver (DrBe)             Turns: 5619, Time: 00:27:37

Health: 0/73       AC:  6    Str: 20    XL:     8   Next: 96%
Magic:  8/8        EV: 14    Int: 10    God:    Trog [****..]
Gold:   329        SH:  0    Dex: 12    Spells: 7/7 levels left

rFire    . . .     SeeInvis .   l - +1 hand axe (vorpal)
rCold    . . .     Faith    +   (no shield)
rNeg     . . .     Spirit   .   (armour unavailable)
rPois    +         Reflect  .   (helmet restricted)
rElec    .         Harm     .   (no cloak)
rCorr    .                      (no gloves)
MR       .....                  (no boots)
Stlth    ++........             b - amulet of faith
HPRegen  0.22/turn              i - +4 ring of slaying
MPRegen  0.11/turn              (no ring)

@: short of breath, berserk cooldown, slowed, lightly drained, very slow
A: breathe noxious fumes, unfitting armour, horns 1, clever 1, poison
resistance, cold-blooded, AC +6
a: Breathe Noxious Fumes, Berserk, Trog's Hand, Brothers in Arms, Renounce
Religion


You were on level 7 of the Dungeon.
You worshipped Trog.
Trog was greatly pleased with you.
You visited 1 branch of the dungeon, and saw 7 of its levels.

You collected 329 gold pieces.

Inventory:

Hand Weapons
 a - a +1 hand axe
 l - a +1 vorpal hand axe (weapon)
 t - a +0 scythe
Missiles
 o - a throwing net (quivered)
Jewellery
 b - an amulet of faith (around neck)
 h - an uncursed amulet of regeneration {unknown}
 i - a +4 ring of slaying (left hand)
 s - an uncursed amulet of magic regeneration {unknown}
Wands
 e - a wand of paralysis (16)
Scrolls
 c - 4 scrolls of identify
 f - 5 scrolls of teleportation
 g - 2 scrolls of magic mapping
 k - a scroll of amnesia {unknown}
 m - 3 scrolls of immolation
 p - a scroll of enchant armour {unknown}
Potions
 d - 2 potions of lignification
 j - a potion of curing
 n - 2 potions of heal wounds
 q - 2 potions of cancellation
 r - a potion of brilliance
 u - a potion of magic
 v - a potion of berserk rage


   Skills:
 * Level 7.2(6.6) Fighting
 + Level 8.1(7.6) Axes
 + Level 5.0(4.4) Dodging
 + Level 4.5(4.0) Stealth


You had 7 spell levels left.
You didn't know any spells.
Your spell library was empty.

Dungeon Overview and Level Annotations

Branches:
Dungeon (7/15)             Temple (0/1) D:6

Altars:
Cheibriados
Dithmenos
Elyvilon
Kikubaaqudgha
Nemelex Xobeh
Qazlal
Ru
Trog
Xom
Yredelemnul
Zin


Innate Abilities, Weirdness & Mutations

You can breathe blasts of noxious fumes.
Your lurid green scales are hard. (AC +6)
You cannot fit into any form of body armour.
Your system is resistant to poisons. (rPois)
You are cold-blooded and may be slowed by cold attacks.
You have a pair of small horns on your head.
Your mind is acute. (Int +2)


Message History

The wight hits you from afar with a +0 trident.
You feel drained. The wight misses you.
You hit the wight but do no damage.
The wight is moderately damaged.
The gnoll closely misses you. The wight misses you.
The wight barely misses you. The gnoll barely misses you.
You hit the wight.
The wight is severely damaged.
The wight hits you but does no damage.
The gnoll hits you from afar with a +4 spear!
The wight hits you with a +2 battleaxe!
* * * LOW HITPOINT WARNING * * *
You slash the wight!
You destroy the wight!
Trog accepts your kill.
Your base Dodging skill increases to level 5!
The wight hits you from afar with a +0 trident!
* * * LOW HITPOINT WARNING * * *
You feel drained.
You die...

.#.#.#.#.#....
.......#.##..##
#.#.#z....<..#
.(...$.##...######
#.#.#...##........#####
.......##......<.....#
.#.#.#†.z###..########.#
.......zT)@(((......##.#
.#)#<#..g####..####.##.#
##### #..# #.##.# #..#
#.#..# ##.####.#.##
#..#.#.#.# #..#.....#
#..#.##### ##...#


You could see a troll, 2 wights and a gnoll.

Vanquished Creatures
  Sigmund (D:6)
  Eustachio (D:5)
  Duvessa (D:5)
  2 phantoms
  A sky beast (D:7)
  A necrophage (D:5)
  A centaur (D:7)
  A bullfrog (D:7)
  A gnoll sergeant (D:7)
  Dowan (D:5)
  A wight (D:7)
  3 hounds
  A jelly (D:6)
  4 orc priests
  6 orc wizards
  2 iguanas
  5 worker ants
  A worker ant zombie (D:6)
  13 gnolls
  4 adders
  A shadow imp (D:7)
  2 oozes
  2 adder skeletons (D:4)
  4 worms
  2 dart slugs
  6 leopard geckos
  24 orcs
  2 ball pythons
  3 giant cockroaches
  6 goblins
  3 hobgoblins
  11 jackals
  6 quokkas
  7 bats
  5 frilled lizards
  4 kobolds
  A leopard gecko zombie (D:5)
  A quokka skeleton (D:3)
  4 rats
145 creatures vanquished.

Notes
Turn   | Place    | Note
-------+----------+-------------------------------------------
     0 | D:1      | Eifo4Ohj9gu9Dob0ohLe the Draconian Berserker began the
                  | quest for the Orb.
     0 | D:1      | Reached XP level 1. HP: 19/19 MP: 1/1
   362 | D:2      | Reached XP level 2. HP: 26/26 MP: 2/2
   724 | D:2      | Reached XP level 3. HP: 24/31 MP: 3/3
   924 | D:2      | Reached skill level 4 in Axes
   924 | D:2      | Reached XP level 4. HP: 40/40 MP: 4/4
  1205 | D:2      | Found a shadowy altar of Dithmenos.
  1697 | D:2      | Found a glowing silver altar of Zin.
  1820 | D:3      | Reached XP level 5. HP: 22/46 MP: 5/5
  2051 | D:3      | Reached ** piety under Trog
  2115 | D:3      | Reached skill level 5 in Axes
  2115 | D:3      | Reached skill level 1 in Stealth
  2584 | D:4      | Reached XP level 6. HP: 53/53 MP: 6/6
  2730 | D:4      | Reached *** piety under Trog
  3116 | D:4      | Reached skill level 5 in Fighting
  3116 | D:4      | Reached skill level 6 in Axes
  3116 | D:4      | Your scales start taking on a lurid green colour.
  3116 | D:4      | Reached XP level 7. HP: 48/61 MP: 7/7
  3116 | D:4      | Gained mutation: Your system is resistant to poisons.
                  | (rPois) [Green Draconian growth]
  3553 | D:5      | Entered Level 5 of the Dungeon
  4029 | D:5      | Found a sacrificial altar of Ru.
  4077 | D:5      | Noticed Duvessa
  4080 | D:5      | Noticed Dowan
  4103 | D:5      | Killed Duvessa
  4144 | D:5      | Killed Dowan
  4259 | D:5      | Reached skill level 7 in Axes
  4259 | D:5      | Reached XP level 8. HP: 60/69 MP: 8/8
  4563 | D:5      | Noticed Eustachio
  4578 | D:5      | Killed Eustachio
  4742 | D:5      | Reached **** piety under Trog
  4934 | D:6      | Found a sparkling altar of Nemelex Xobeh.
  4935 | D:6      | Found a basalt altar of Yredelemnul.
  4936 | D:6      | Found an ancient bone altar of Kikubaaqudgha.
  4936 | D:6      | Found a stormy altar of Qazlal.
  4936 | D:6      | Found a snail-covered altar of Cheibriados.
  4936 | D:6      | Found a shimmering altar of Xom.
  4937 | D:6      | Found a bloodstained altar of Trog.
  4939 | D:6      | Found a white marble altar of Elyvilon.
  4963 | D:6      | Found a staircase to the Ecumenical Temple.
  5037 | D:6      | Gained mutation: Your mind is acute. (Int +2) [potion of
                  | mutation]
  5037 | D:6      | Gained mutation: You have a pair of small horns on your
                  | head. [potion of mutation]
  5125 | D:6      | Noticed Sigmund
  5147 | D:6      | Killed Sigmund
  5591 | D:7      | Noticed a troll
  5602 | D:7      | Reached skill level 8 in Axes
  5619 | D:7      | Reached skill level 5 in Dodging
  5619 | D:7      | HP: 3/73 [wight/+0 trident (10)]
  5619 | D:7      | Slain by a wight

Illustrated notes

Levels and vault maps discovered:
D:1:      lemuel_arrival_tunnels, layout_rooms
D:2:      layout_loops_ring, grunt_dithmenos_smoke, zin_treasury,
          minmay_tromino_i2
D:3:      layout_basic
D:4:      layout_loops_cross
D:5:      layout_loops_ring, nicolae_ru_great_annihilating_truth,
          uniq_eustachio, uniq_duvessa
D:6:      layout_layer_cave, grunt_temple_overflow_open, temple_pool_b,
          serial_park_tiny_2, uniq_sigmund
D:7:      layout_basic, serial_shops, nicolae_shop_window_shopping, st_stairs_10

Skill      XL: |  1  2  3  4  5  6  7  8 |
---------------+-------------------------+-----
Dodging        | 3 4 5 |  5.0
Axes           | 4 5 6 7 8 |  8.1
Fighting       | 4 5 7 |  7.2
Stealth        | 1 2 4 |  4.5

Action                   |  1- 3 |  4- 6 |  7- 9 || total
-------------------------+-------+-------+-------++-------
Melee: Hand axe          |    60 |   179 |   127 ||   366
       Tailslap          |     5 |    22 |    13 ||    40
       Headbutt          |       |       |    11 ||    11
Invok: Berserk           |     1 |     4 |     3 ||     8
 Abil: Breathe Noxious F |       |       |     4 ||     4
  Use: Potion            |     6 |     3 |     4 ||    13
       Scroll            |     1 |     7 |       ||     8
 Stab: Sleeping          |     1 |     1 |     3 ||     5
       Confused          |       |       |     4 ||     4
       Paralysed         |       |       |     1 ||     1
Armor: Skin              |    40 |    51 |    20 ||   111
Dodge: Dodged            |    33 |    96 |    64 ||   193

Table legend: (Time is in decaauts)
 A = Elapsed time spent in this place.
 B = Non-inter-level travel time spent in this place.
 C = Inter-level travel time spent in this place.
 D = Time resting spent in this place.
 E = Time spent auto-exploring this place.
 F = Levels seen in this place.
 G = Mean time per level.
                   A        B        C        D        E       F      G
               +--------+--------+--------+--------+--------+-----+--------+
         Total |   5715 |   5705 |     10 |   2174 |   1024 |   7 |  816.4 |
       Dungeon |   5715 |   5705 |     10 |   2174 |   1024 |   7 |  816.4 |
               +--------+--------+--------+--------+--------+-----+--------+

Top non-repeatable levels by time:
     D:2: 1423 daAuts
     D:5: 1343 daAuts
     D:4: 1011 daAuts
     D:3: 855 daAuts
     D:6: 649 daAuts
     D:1: 344 daAuts
     D:7: 87 daAuts
